 Dungeon Crawl Stone Soup version 0.30-a0-373-gd37427bb62 (console) character file.

Game seed: 16101224210784629503

2258896 surr the Middleweight Champion (level 27, 245/245 HPs)
             Began as a Barachi Fighter on Nov 23, 2022.
             Was an Initiate of Gozag.
             Escaped with the Orb
             ... and 4 runes!
             The game lasted 02:04:44 (75028 turns).

surr the Middleweight Champion (Barachi Fighter)   Turns: 75028, Time: 02:04:44

Health: 245/245    AC: 54    Str: 33    XL:     27
Magic:  23/23      EV: 19    Int:  8    God:    Gozag
Gold:   1191       SH: 26    Dex: 16    Spells: 26/26 levels left

rFire   + . .      SeeInvis +      - Unarmed
rCold   + . .      Faith    .    V - +2 tower shield {reflect}
rNeg    + . .      Spirit   .    Y - +8 orange crystal plate armour {Archmagi, Int+3 Clar}
rPois   .          Reflect  +    R - +1 helmet {SInv}
rElec   +          Harm     .    O - +2 cloak of Jigsaw {Contam rElec Str+2}
rCorr   +          Rampage  +    F - +2 pair of gloves
Will    +++++      Archmagi +    X - +2 pair of boots {rampage}
Stlth   .......... Clarity  +    J - necklace of Bloodlust {*Rage Will++ Int-3 Slay+6}
HPRegen 0.60/turn                s - ring "Dochuiru" {rF+ Str+2 Dex+3}
MPRegen 0.18/turn                I - ring of Trepidation {rN+ Will+ rCorr Stlth-}

@: studying 2 skills, bribing [the Dungeon, the Realm of Zot], slow
A: amphibious, slowness 1, strong legs 2, +LOS, berserk 1, clumsy 1, cold
resistance 1, strong-willed 1, inability to read after injury 1, noise
suppression
0: Orb of Zot
}: 4/15 runes: decaying, serpentine, silver, abyssal
a: Hop, Renounce Religion, Potion Petition, Call Merchant, Bribe Branch


You escaped.
You worshipped Gozag.
Gozag was most pleased with you.
You visited 11 branches of the dungeon, and saw 51 of its levels.
You visited the Abyss 2 times.
You also visited: Trove, Sewer and Wizlab.

You collected 35139 gold pieces.
You spent 10975 gold pieces at shops.
You paid 22973 gold pieces to Gozag.

Inventory:

Missiles
 b - 3 throwing nets (quivered)
 P - 16 curare-tipped darts
Armour
 F - a +2 pair of gloves (worn)
 O - the +2 cloak of Jigsaw (worn) {Contam rElec Str+2}
   (You found it on level 5 of the Vaults)

   Str:       It affects your strength (+2).
   rElec:     It insulates you from electricity.
   Contam:    It causes magical contamination when unequipped.
 R - a +1 helmet of see invisible (worn)
 V - a +2 tower shield of reflection (worn)
 X - a +2 pair of boots of rampaging (worn)
 Y - the +8 orange crystal plate armour (worn) {Archmagi, Int+3 Clar}
   (You bought it in a shop on level 12 of the Dungeon)

   Int:       It affects your intelligence (+3).
   Clar:      It protects you against confusion.
Jewellery
 s - the ring "Dochuiru" (left hand) {rF+ Str+2 Dex+3}
   (You found it on level 2 of the Dungeon)

   [ring of protection from fire]

   Str:       It affects your strength (+2).
   Dex:       It affects your dexterity (+3).
   rF:        It protects you from fire.
 I - the ring of Trepidation (right hand) {rN+ Will+ rCorr Stlth-}
   (You found it on level 3 of the Crypt)

   [ring of positive energy]

   rN:        It protects you from negative energy.
   rCorr:     It protects you from acid and corrosion.
   Will:      It increases your willpower.
   Stlth:     It makes you less stealthy.
 J - the necklace of Bloodlust (around neck) {*Rage Will++ Int-3 Slay+6}
   (You found it on level 3 of the Vaults)

   [amulet of nothing]

   It extends the wearer's berserk rage when killing foes.
   Int:       It affects your intelligence (-3).
   Slay:      It affects your accuracy & damage with ranged weapons and melee
   (+6).
   *Rage:     It berserks you when you make melee attacks (+50% chance).
   Will:      It greatly increases your willpower.
 M - the ring "Pumiwk" {rElec Dex+6 Slay+2}
   (You acquired it on level 10 of the Dungeon)

   [ring of dexterity]

   Dex:       It affects your dexterity (+6).
   Slay:      It affects your accuracy & damage with ranged weapons and melee
   (+2).
   rElec:     It insulates you from electricity.
 S - the ring "Metuloow" {rElec rPois MP+9}
   (You took it off a vault warden on level 4 of the Vaults)

   [ring of magical power]

   rElec:     It insulates you from electricity.
   rPois:     It protects you from poison.
   MP:        It affects your magic capacity (+9).
Wands
 c - a wand of charming (26)
 d - a wand of flame (44)
 k - a wand of digging (9)
 x - a wand of polymorph (10)
 A - a wand of iceblast (52)
 N - a wand of light (35)
 Q - a wand of mindburst (33)
Scrolls
 e - 7 scrolls of butterflies
 f - 20 scrolls of fear
 j - 8 scrolls of poison
 l - 6 scrolls of immolation
 o - 9 scrolls of blinking
 q - 10 scrolls of vulnerability
 t - 10 scrolls of teleportation
 C - 3 scrolls of magic mapping
 L - 2 scrolls of silence
 T - 2 scrolls of summoning
Potions
 a - 8 potions of flight
 h - 8 potions of heal wounds
 i - 8 potions of magic
 m - 7 potions of might
 n - 7 potions of mutation
 u - 17 potions of curing
 v - 2 potions of haste
 w - a potion of ambrosia
 B - 3 potions of invisibility
 D - 5 potions of berserk rage
 E - 3 potions of resistance
 H - 3 potions of cancellation
Miscellaneous
 p - a tin of tremorstones (2/2)
 y - a box of beasts
 z - a lightning rod (4/4)
 G - a condenser vane
 U - a phantom mirror
 W - a phial of floods


   Skills:
 * Level 26.0 Fighting
 * Level 26.7 Armour
 + Level 23.9 Dodging
 + Level 25.1 Shields
 O Level 27 Unarmed Combat
 - Level 16.5 Evocations


You had 26 spell levels left.
You didn't know any spells.
Your spell library contained the following spells:

 Spells                   Type           Power      Damage    Failure   Level
 Apportation              Tloc           0%         N/A       94%         1
 Beastly Appendage        Tmut           0%         N/A       94%         1
 Freeze                   Ice            0%         1d3       94%         1
 Kiss of Death            Conj/Necr      0%         2d5       94%         1
 Necrotise                Necr           0%         1d4       94%         1
 Shock                    Conj/Air       0%         1d3       94%         1
 Slow                     Hex            0%         N/A       94%         1
 Sting                    Tmut/Pois      0%         1d3       94%         1
 Summon Small Mammal      Summ           0%         N/A       94%         1
 Blink                    Tloc           0%         N/A       98%         2
 Cigotuvi's Dreadful Rot  Necr/Pois/Air  0%         N/A       98%         2
 Ensorcelled Hibernation  Hex/Ice        0%         N/A       98%         2
 Momentum Strike          Conj/Tloc      0%         3d8       98%         2
 Scorch                   Fire           0%         2d5       98%         2
 Static Discharge         Conj/Air       0%         2-2/arc   98%         2
 Sublimation of Blood     Necr           0%         N/A       98%         2
 Wereblood                Tmut           0%         N/A       98%         2
 Call Canine Familiar     Summ           0%         N/A       100%        3
 Confusing Touch          Hex            0%         N/A       100%        3
 Dazzling Flash           Conj/Hex       0%         N/A       100%        3
 Frozen Ramparts          Ice            0%         1d1       100%        3
 Hailstorm                Conj/Ice       0%         3d3       100%        3
 Ignite Poison            Fire/Tmut/Pois 0%         N/A       100%        3
 Inner Flame              Hex/Fire       0%         N/A       100%        3
 Lesser Beckoning         Tloc           0%         N/A       100%        3
 Portal Projectile        Hex/Tloc       0%         N/A       100%        3
 Spider Form              Tmut/Pois      0%         N/A       100%        3
 Stone Arrow              Conj/Erth      0%         3d7       100%        3
 Swiftness                Air            0%         N/A       100%        3
 Tukima's Dance           Hex            0%         N/A       100%        3
 Vampiric Draining        Necr           0%         2d6       100%        3
 Vhi's Electric Charge    Tloc/Air       0%         N/A       100%        3
 Airstrike                Air            0%         2d(0-16)  100%        4
 Animate Armour           Summ/Erth      0%         N/A       100%        4
 Cause Fear               Hex            0%         N/A       100%        4
 Dispel Undead            Necr           0%         3d6       100%        4
 Flame Wave               Conj/Fire      0%         2d4       100%        4
 Leda's Liquefaction      Hex/Erth       0%         N/A       100%        4
 Passage of Golubria      Tloc           0%         N/A       100%        4
 Petrify                  Tmut/Erth      0%         N/A       100%        4
 Sticky Flame             Conj/Fire      0%         2d3       100%        4
 Summon Ice Beast         Ice/Summ       0%         N/A       100%        4
 Summon Lightning Spire   Summ/Air       0%         N/A       100%        4
 Agony                    Necr           0%         N/A       100%        5
 Arcjolt                  Conj/Air       0%         1d10      100%        5
 Blade Hands              Tmut           0%         N/A       100%        5
 Borgnjor's Vile Clutch   Necr/Erth      0%         N/A       100%        5
 Irradiate                Conj/Tmut      0%         3d11      100%        5
 Iskenderun's Battlesphe  Conj           0%         2d6       100%        5
 Lightning Bolt           Conj/Air       0%         1d11      100%        5
 Metabolic Englaciation   Hex/Ice        0%         N/A       100%        5
 Silence                  Hex/Air        0%         N/A       100%        5
 Summon Forest            Summ/Tloc      0%         N/A       100%        5
 Summon Mana Viper        Hex/Summ       0%         N/A       100%        5
 Yara's Violent Unravell  Hex/Tmut       0%         3d3       100%        5
 Conjure Ball Lightning   Conj/Air       0%         3x3d6     100%        6
 Death Channel            Necr           0%         N/A       100%        6
 Iron Shot                Conj/Erth      0%         9d1       100%        6
 Starburst                Conj/Fire      0%         6d3       100%        6
 Statue Form              Tmut/Erth      0%         N/A       100%        6
 Summon Cactus Giant      Summ           0%         N/A       100%        6
 Dragon Form              Tmut           0%         N/A       100%        7
 Enfeeble                 Hex            0%         N/A       100%        7
 Monstrous Menagerie      Summ           0%         N/A       100%        7
 Spellforged Servitor     Conj/Summ      0%         N/A       100%        7
 Storm Form               Tmut/Air       0%         N/A       100%        7
 Summon Hydra             Summ           0%         N/A       100%        7
 Borgnjor's Revivificati  Necr           0%         N/A       100%        8
 Discord                  Hex            0%         N/A       100%        8
 Disjunction              Tloc           0%         N/A       100%        8
 Ignition                 Fire           0%         3d3       100%        8
 Maxwell's Capacitive Co  Air            0%         ∞         100%        8
 Necromutation            Tmut/Necr      0%         N/A       100%        8
 Summon Horrible Things   Summ           0%         N/A       100%        8
 Death's Door             Necr           0%         N/A       100%        9
 Dragon's Call            Summ           0%         N/A       100%        9
 Fire Storm               Conj/Fire      0%         5d1       100%        9
 Animate Dead             Necr           Unusable   N/A       N/A         4
 Simulacrum               Ice/Necr       Unusable   N/A       N/A         6

Dungeon Overview and Level Annotations

Branches:
Dungeon (15/15)            Temple (1/1) D:6            Lair (5/5) D:9
  Swamp (4/4) Lair:2        Snake (4/4) Lair:2        Slime (0/5) Lair:4
    Orc (2/2) D:10            Elf (3/3) Orc:2        Vaults (5/5) D:13
  Crypt (3/3) Vaults:3       Tomb (0/3) Crypt:3      Depths (4/4) D:15
    Zot (5/5) Depths:4      Sewer (visited)          WizLab (visited)

Altars:
Ashenzari
Cheibriados
Dithmenos
Elyvilon
Fedhas
Gozag
Hepliaklqana
Kikubaaqudgha
Makhleb
Nemelex Xobeh
Okawaru
Qazlal
Ru
Sif Muna
Trog
Uskayaw
Vehumet
Wu Jian
Xom
Yredelemnul
Zin
The Shining One
Jiyva

Shops:
D:9 *[   D:10 [?   D:11 !   D:12 [*   D:13 !   D:15 [   Orc:2 :[[?   Elf:1 :
Elf:3 *   Lair:4 *   Snake:3 :   Vaults:1 ?   Vaults:4 :   Vaults:5 !!!!!
Zot:1 *   Depths:3 *

Portals:
Hell: Depths:2 Depths:3 Depths:4
Abyss: Depths:3
Ziggurat: Depths:4

Annotations:
D:2 1 runed translucent door, 1 exclusion, Crazy Yiuf
Elf:1 6 transporters
Depths:1 1 exclusion
Zot:5 1 transporter


Innate Abilities, Weirdness & Mutations

You are amphibious.
You cover ground slowly.
You can hop long distances.
You have an extended range of vision and can be seen from far away.
You sometimes lose your temper in combat.
You are clumsy. (Dex -2)
Your flesh is cold resistant. (rC+)
You are strong-willed. (Will+)
You occasionally lose the ability to read scrolls when taking damage.
You passively dampen the noise of your surroundings.


Message History

The sixfirhy dies!
Your cacodemon gestures next to you.
Some rock shatters into small pieces.
No target in view!
No target in view!
You now have 1191 gold pieces (gained 8).
Your cacodemon gestures next to you.
Some rock shatters into small pieces.
Things that are here:
a ring of magical power; a ring of wizardry The Orb Guardian stares, then turns away, jangling a coin purse.
An Orb Guardian comes into view.
Some rock shatters into small pieces.
You swap places.
Some rock shatters into small pieces.
Your cacodemon gestures next to you.
Some rock shatters into small pieces.
There is a stone staircase leading up here.
You climb upwards.
There is a stone staircase leading down here.
You swap places.
Your cacodemon gestures next to you.
Some rock shatters into small pieces.
There is an open door here.
Your cacodemon gestures next to you.
Some rock shatters into small pieces.
Your Orb Guardian grins greedily, jangling a coin purse.
An Orb Guardian comes into view.
(D) Dungeon (T) Temple (L) Lair (S) Swamp (P) Snake Pit (M) Slime Pits (O) Orcish Mines (E) Elven Halls (V) Vaults (C) Crypt (W) Tomb (U) Depths (H) Hell (Z) Zot
Where to? (Enter - D:1 @ (x,y), ? - help)
The lorocyproca stares, then turns away, jangling a coin purse.
A lorocyproca comes into view.
Your cacodemon gestures next to you.
Some rock shatters into small pieces.
Your cacodemon gestures next to you.
Some rock shatters into small pieces.
There is a staircase leading out of the dungeon here.
You have escaped!

#...# #... #...# #... ########
#...# ####... .......#
##...##########...... .....#.#
#............##.###.# ...##..#
#.##########.##.# #.# ..#.#..#
#.##.....# #.##.# #.# ##.#...###
#.##>....# #....# #X# .##......#
#.##@X14.######.###.# #.#......#
#.##.2............#.# .#.......#
#.#######..#.##...... #........#
#.# ##..###+#.##. .......### #.#
#.##.....#.. .......##
#.#######..##.....#..
#.......#####........#.##.....#..
.#..........'........#.##.....#..
#.#.....#####........#.##.....#..


You could see a friendly Brimstone Fiend, a friendly cacodemon, a friendly Orb
Guardian and a friendly hellwing.

Vanquished Creatures
  3 dread liches
  3 orbs of fire
  2 ancient liches
  A juggernaut (Depths:2)
  3 royal mummies (Crypt:2)
  The ghost of Juotwih the Slayer, a legendary KoFi of Okawaru (Zot:1)
  The ghost of Nizokhlo the Metallomancer, a veteran DrCj of Vehumet (Vaults:4)
  Sojobo (Crypt:2)
  A Killer Klown (Zot:5)
  Xtahua (Vaults:2)
  A caustic shrike (Depths:1)
  2 curse toes
  7 golden dragons
  the Enchantress (D:15)
  A bone dragon (Crypt:3)
  A profane servitor (D:15)
  3 electric golems
  A hellephant (Zot:2)
  14 tentacled monstrosities
  10 Orb Guardians
  8 liches
  2 walking crystal tomes
  Asterion (Vaults:2)
  2 deep elf blademasters (Elf:3)
  A walking frostbound tome (WizLab)
  The ghost of Yrenuce the Tortoise, an adept AtMo of Okawaru (Vaults:2)
  The ghost of Aram the Tortoise, an adept AtMo of Okawaru (Vaults:4)
  3 deep elf master archers (Elf:3)
  9 titans
  2 walking earthen tomes
  7 quicksilver dragons
  4 ancient champions
  2 Executioners
  15 shadow dragons
  9 death cobs
  15 storm dragons
  2 sphinxes
  7 nagarajas
  Donald (Vaults:2)
  3 revenants
  2 strange machines (WizLab)
  9 tengu reavers
  4 draconian knights
  8 draconian monks
  13 fire giants
  An iron dragon (Vaults:5)
  4 fenstrider witches (Swamp:4)
  12 frost giants
  15 deep elf sorcerers
  Aizul (Snake:2)
  21 vault wardens
  An angel (Depths:4)
  14 ghouls
  A balrug (D:15)
  6 draconian shifters
  8 draconian scorchers
  6 ghost moths
  6 spriggan defenders
  5 deep elf elementalists
  5 draconian stormcallers
  3 curse skulls
  8 draconian annihilators
  23 ironbound preservers
  2 orc warlords
  26 very ugly things
  A reaper (Depths:2)
  A caustic shrike skeleton (Crypt:1)
  8 vampire knights
  8 war gargoyles
  3 eleionomae
  14 green draconians
  10 ironbound thunderhulks
  4 deep elf demonologists (Elf:3)
  20 stone giants
  3 demonspawn black suns (Zot:1)
  A lorocyproca (Zot:2)
  10 purple draconians
  6 bunyips
  19 black draconians
  7 deep elf annihilators (Elf:3)
  14 red draconians
  13 white draconians
  12 yellow draconians
  4 deep elf death magi
  8 eidola
  3 dire elephants (Vaults:2)
  2 green deaths (Swamp:4)
  Snorg (D:11)
  22 ettins
  2 mummy priests (Crypt:2)
  3 crystal guardians (Crypt:3)
  3 spriggan zombies
  9 yaktaur captains
  3 shambling mangroves (Swamp:4)
  15 jiangshi
  6 great orbs of eyes
  9 deep elf high priests
  4 salamander tyrants (Snake:4)
  10 fire dragons
  5 ice dragons (Depths:1)
  36 vault guards
  5 ogre magi
  3 entropy weavers
  7 spriggan air magi
  15 rakshasas
  5 ghost crabs
  15 hydras
  6 catoblepae
  10 ironbound frosthearts
  5 anacondas
  A death knight (Crypt:1)
  4 boulder beetles
  12 deep troll earth magi
  15 alligators
  16 centaur warriors
  15 two-headed ogres
  7 deep troll shamans
  10 death yaks
  8 tengu warriors
  14 vampire magi
  2 spectral storm dragons (Crypt:2)
  2 thrashing horrors (Abyss:4)
  46 dancing weapons
  5 shock serpents
  9 spriggan berserkers
  6 naga sharpshooters
  15 naga warriors
  25 hell knights
  8 soul eaters
  A sixfirhy (D:10)
  4 sun demons (D:15)
  19 iron trolls
  10 deep elf knights
  A fire crab (Abyss:3)
  Lodul (D:10)
  4 salamander mystics (Snake:4)
  42 skeletal warriors
  A goliath frog (shapeshifter) (Vaults:5)
  97 deep trolls
  3 goliath frogs
  An iron giant zombie (Crypt:2)
  2 anaconda zombies
  A golden dragon zombie (Crypt:3)
  2 sea snakes (Snake:3)
  An orb spider (shapeshifter) (Depths:4)
  7 spriggan druids
  13 wizards
  4 glowing orange brains
  An anaconda skeleton (Crypt:3)
  2 death drakes (Swamp:4)
  7 flayed ghosts
  3 swamp dragons
  10 bog bodies
  8 naga ritualists
  13 deep elf archers
  2 obsidian statues
  An orange crystal statue (Vaults:4)
  12 ironbound convokers
  A fenstrider witch simulacrum (Crypt:2)
  10 large abominations
  9 lindwurms
  3 orc sorcerers
  25 deep elf pyromancers
  22 deep elf zephyrmancers
  14 necromancers
  13 phantasmal warriors
  3 spectral fire dragons (Crypt:2)
  6 orc knights
  A spectral ice dragon (Crypt:2)
  A human zombie (Vaults:3)
  13 mana vipers
  5 will-o-the-wisps
  33 moths of wrath
  36 ugly things
  5 manticores
  10 cyclopes
  7 salamanders
  32 black mambas
  An orc zombie (Crypt:3)
  20 vault sentinels
  2 apocalypse crabs (Abyss:3)
  A water nymph (shapeshifter) (Vaults:5)
  7 elephants
  5 guardian serpents
  A naga zombie (Crypt:3)
  Maurice (D:11)
  A rust devil (Depths:3)
  3 gargoyles
  31 naga magi
  2 naga skeletons
  11 cane toads
  3 orange demons (Swamp:4)
  Psyche (D:10)
  A dire elephant skeleton (Crypt:3)
  A minotaur zombie (Crypt:1)
  3 kobold demonologists
  9 komodo dragons
  6 unseen horrors
  5 efreet
  3 centaur skeletons
  3 freezing wraiths (Crypt:1)
  36 yaktaurs
  A steelbarb worm zombie (Crypt:2)
  A rime drake (Lair:2)
  2 hellwings (Swamp:4)
  A silent spectre (Vaults:3)
  An ancient zyme (Elf:3)
  2 tengu conjurers
  A hydra zombie (Crypt:1)
  A grey draconian skeleton (Crypt:2)
  2 iron troll skeletons
  A tarantella (Vaults:2)
  A tengu simulacrum (Vaults:3)
  2 polar bears
  21 hornets
  Grinder (D:3)
  19 trolls
  A wolf spider simulacrum (D:15)
  23 blink frogs
  7 tyrant leeches
  52 slime creatures
  2 harpy skeletons
  12 dream sheep (Lair:5)
  47 flying skulls
  Sigmund (D:3)
  An ettin skeleton (Crypt:3)
  A black mamba zombie (Crypt:3)
  A jumping spider (shapeshifter) (Depths:2)
  A guardian serpent skeleton (Crypt:2)
  21 spriggans
  11 water elementals
  An elf skeleton (Vaults:3)
  66 yaks
  An elf zombie (Vaults:3)
  A shadow (D:11)
  5 wraiths
  4 wyverns
  An air elemental (Elf:3)
  24 fire elementals
  An unseen horror simulacrum (D:9)
  2 golden eyes (Zot:2)
  A hog (D:15)
  3 basilisks
  A redback simulacrum (D:14)
  12 chaos spawn
  3 steam dragons
  A neqoxec (Swamp:4)
  8 redbacks
  8 vampire mosquitoes
  54 nagas
  4 small abominations
  A warg (Vaults:5)
  A swamp worm (shapeshifter) (Vaults:5)
  11 swamp worms
  2 acid dragons
  17 water moccasins
  4 swamp drakes
  2 sky beasts
  A two-headed ogre skeleton (Crypt:1)
  4 floating eyes
  2 ice beasts
  24 orc warriors
  33 ogres
  A black bear (shapeshifter) (D:9)
  2 black bears
  A boggart (Elf:1)
  A swamp dragon zombie (Crypt:3)
  11 wolves
  A manticore skeleton (Crypt:1)
  6 centaurs
  A phantom (D:6)
  4 kobold brigands
  2 komodo dragon zombies (Crypt:1)
  8 bullfrogs
  A gnoll sergeant (D:10)
  4 earth elementals
  10 necrophages
  A scorpion (D:4)
  A wight (D:9)
  A raiju zombie (Crypt:1)
  9 killer bees
  A shapeshifter skeleton (Crypt:1)
  10 howler monkeys
  A gnoll bouda (D:6)
  3 hounds
  10 orc priests
  3 jellies
  Jessica (D:2)
  An iguana (D:4)
  15 orc wizards
  Terence (D:2)
  An ogre skeleton (Crypt:2)
  A boggart simulacrum (D:14)
  A deep dwarf skeleton (Crypt:2)
  21 gnolls
  9 adders
  A river rat (D:3)
  A steam dragon skeleton (Crypt:2)
  A shadow imp (D:4)
  2 white imps
  3 ufetubi
  74 orcs
  17 ball pythons
  4 endoplasms
  10 giant cockroaches
  8 goblins
  2 hobgoblins
  3 jackals (D:3)
  17 kobolds
  6 quokkas
  8 bats
  8 frilled lizards
  A giant cockroach zombie (Crypt:2)
  10 rats
  2 tentacles (Abyss:3)
2489 creatures vanquished.

Vanquished Creatures (collateral kills)
  An ancient lich (Zot:5)
  2 electric golems (Zot:5)
  8 Orb Guardians (Zot:5)
  A moth of wrath (Zot:5)
  A smoke demon (D:8)
  A red devil (D:9)
  2 slime creatures (D:13)
  An orc wizard (Orc:1)
  4 orcs (Orc:1)
21 creatures vanquished.

Vanquished Creatures (others)
  A dread lich (Zot:5)
  An orb of fire (Zot:5)
  3 ancient liches (Zot:5)
  2 Killer Klowns (Zot:5)
  A curse toe (Zot:5)
  7 Orb Guardians (Zot:5)
  Kirke (D:15)
  A kraken (Abyss:3)
  2 draconian monks
  A storm dragon (Zot:5)
  A ghost moth (Zot:5)
  A draconian annihilator (Zot:5)
  A very ugly thing (Depths:1)
  A red draconian (Zot:1)
  A white draconian (Zot:5)
  A hydra (Swamp:4)
  A deep elf knight (Elf:1)
  A sixfirhy (D:2)
  A wizard (Vaults:1)
  A deep elf zephyrmancer (Elf:1)
  2 deep elf pyromancers
  A moth of wrath (Zot:2)
  A smoke demon (D:8)
  A bloated husk (Swamp:1)
  A human (D:15)
  A neqoxec (D:11)
  An orc (Orc:1)
  32 foxfires
  30 fungi
  98 plants
  3 tentacles (Abyss:3)
201 creatures vanquished.

Grand Total: 2711 creatures vanquished

Notes
Turn   | Place    | Note
-------+----------+-------------------------------------------
     0 | D:1      | surr the Barachi Fighter began the quest for the Orb.
     0 | D:1      | Reached XP level 1. HP: 18/18 MP: 1/1
   295 | D:1      | Reached XP level 2. HP: 14/24 MP: 2/2
   303 | D:1      | Reached skill level 3 in Unarmed Combat
   389 | D:1      | Found a faded altar of an unknown god.
   974 | D:2      | Reached XP level 3. HP: 28/29 MP: 3/3
  1207 | D:2      | Reached skill level 4 in Unarmed Combat
  1282 | D:2      | Noticed Jessica
  1290 | D:2      | Killed Jessica
  1291 | D:2      | Reached XP level 4. HP: 21/36 MP: 4/4
  1375 | D:2      | Noticed Terence
  1389 | D:2      | Killed Terence
  1390 | D:2      | Reached skill level 5 in Unarmed Combat
  1502 | D:2      | Identified the ring "Dochuiru" {rF+ Str+2 Dex+3}
  1673 | D:2      | Found a runed translucent door.
  1674 | D:2      | Noticed Crazy Yiuf
  1909 | D:3      | Noticed Grinder
  1974 | D:3      | Reached XP level 5. HP: 41/41 MP: 5/5
  2184 | D:3      | Gained mutation: You have hidden genetic defects. [potion
                  | of mutation]
  2184 | D:3      | Gained mutation: You have large cloven feet. [potion of
                  | mutation]
  2194 | D:3      | Killed Grinder
  2195 | D:3      | Reached skill level 7 in Unarmed Combat
  2195 | D:3      | Reached XP level 6. HP: 37/47 MP: 6/6
  2203 | D:3      | Gained mutation: You are clumsy. (Dex -2) [hidden defects]
  2241 | D:3      | Found a glowing drain.
  2259 | Sewer    | Entered a sewer
  2330 | Sewer    | Reached skill level 8 in Unarmed Combat
  2330 | Sewer    | Reached XP level 7. HP: 34/52 MP: 7/7
  2330 | Sewer    | Gained mutation: Your body sometimes deteriorates upon
                  | taking damage. [hidden defects]
  2330 | Sewer    | Lost mutation: You have hidden genetic defects. [hidden
                  | defects expressed]
  2622 | D:3      | Noticed Sigmund
  2629 | D:3      | Killed Sigmund
  2688 | D:3      | Identified the +7 whip of Antaiqeiq {elec, rN+++ Will-
                  | rCorr Stlth+}
  2891 | D:4      | Reached skill level 9 in Unarmed Combat
  2898 | D:4      | Reached skill level 5 in Armour
  2921 | D:4      | Reached XP level 8. HP: 49/59 MP: 8/8
  3655 | D:5      | Entered Level 5 of the Dungeon
  4068 | D:5      | Found a shimmering blue altar of Sif Muna.
  4226 | D:6      | Found a white marble altar of Elyvilon.
  4230 | D:6      | Reached skill level 10 in Unarmed Combat
  4233 | D:6      | Reached skill level 5 in Fighting
  4234 | D:6      | Found a snail-covered altar of Cheibriados.
  4410 | D:6      | Found a staircase to the Ecumenical Temple.
  4421 | Temple   | Entered the Ecumenical Temple
  4521 | Temple   | Became a worshipper of Gozag Ym Sagoz the Greedy
  4646 | D:6      | Reached XP level 9. HP: 65/69 MP: 9/9
  5136 | D:6      | Reached skill level 11 in Unarmed Combat
  6095 | D:8      | Found a hide-covered altar of Uskayaw.
  6174 | D:8      | Reached skill level 12 in Unarmed Combat
  6644 | D:9      | Reached skill level 13 in Unarmed Combat
  6650 | D:9      | Reached XP level 10. HP: 52/79 MP: 10/10
  6921 | D:9      | Found a staircase to the Lair.
  6993 | D:9      | Noticed a cyclops
  6999 | D:9      | Killed a cyclops
  7000 | D:9      | Reached skill level 14 in Unarmed Combat
  7099 | D:9      | Reached skill level 5 in Shields
  7148 | D:9      | Identified the ring "Mimum" {Fly rPois Will- Dex+6 Stlth+}
  7162 | D:9      | Noticed a gargoyle
  7177 | D:9      | Killed a gargoyle
  7311 | D:9      | Noticed a white ugly thing
  7313 | D:9      | Noticed a red ugly thing
  7343 | D:9      | Killed a red ugly thing
  7346 | D:9      | Killed a red ugly thing
  7347 | D:9      | Reached skill level 15 in Unarmed Combat
  7347 | D:9      | Reached XP level 11. HP: 24/84 MP: 11/11
  7583 | D:9      | Got the Book of Combative Gusts
  7591 | D:9      | Identified the ring of Inwub {Fly Int+4}
  8309 | D:9      | Bought a scroll labelled XEOHEYPTOI for 35 gold pieces
  8309 | D:9      | Bought a bubbling pink potion for 31 gold pieces
  8315 | Lair:1   | Entered Level 1 of the Lair of Beasts
  8509 | D:9      | Bought a glowing scarf for 280 gold pieces
  9258 | Lair:1   | Noticed an eight-headed hydra
  9265 | Lair:1   | Killed an eight-headed hydra
  9424 | Lair:2   | Reached skill level 1 in Evocations
  9692 | Lair:2   | Found a staircase to the Snake Pit.
  9730 | Lair:2   | Noticed a five-headed hydra
  9741 | Lair:2   | Killed a five-headed hydra
  9803 | Lair:2   | Reached skill level 16 in Unarmed Combat
 10181 | Lair:2   | Reached skill level 10 in Armour
 10587 | Lair:2   | Noticed a four-headed hydra
 10602 | Lair:2   | Killed a four-headed hydra
 10603 | Lair:2   | Reached XP level 12. HP: 23/91 MP: 12/12
 10960 | Lair:2   | Found a staircase to the Swamp.
 12443 | Lair:3   | Reached skill level 17 in Unarmed Combat
 12535 | Lair:4   | Noticed a catoblepas
 12554 | Lair:3   | Killed a catoblepas
 12720 | Lair:4   | Found a staircase to the Slime Pits.
 12742 | Lair:4   | Found a viscous altar of Jiyva.
 13276 | Lair:4   | Gained mutation: You can hop long distances. [Barachi
                  | growth]
 13276 | Lair:4   | Reached XP level 13. HP: 106/106 MP: 13/13
 13542 | Lair:5   | Entered Level 5 of the Lair of Beasts
 13786 | Lair:4   | Reached skill level 18 in Unarmed Combat
 14119 | Lair:5   | Reached XP level 14. HP: 67/113 MP: 14/14
 14495 | Lair:5   | Reached skill level 1 in Dodging
 15991 | Lair:5   | Reached skill level 5 in Dodging
 16465 | D:10     | Entered Level 10 of the Dungeon
 16465 | D:10     | Found a staircase to the Orcish Mines.
 16799 | D:10     | Bought a scroll of acquirement for 832 gold pieces
 16809 | D:10     | Acquired the ring "Pumiwk" {rElec Dex+6 Slay+2}
 16819 | D:10     | Noticed Lodul
 16836 | D:10     | Reached skill level 19 in Unarmed Combat
 16843 | D:10     | Killed Lodul
 17122 | D:10     | Reached XP level 15. HP: 124/124 MP: 15/15
 17341 | D:10     | Noticed Psyche
 17345 | D:10     | Killed Psyche
 17462 | Orc:1    | Entered Level 1 of the Orcish Mines
 17462 | Orc:1    | Noticed an orc warlord
 17507 | Orc:1    | Killed an orc warlord
 17508 | Orc:1    | Reached skill level 15 in Armour
 17739 | Orc:2    | Entered Level 2 of the Orcish Mines
 17784 | Orc:2    | Found Monutyph's Armour Shop.
 18164 | Orc:2    | Found a staircase to the Elven Halls.
 18168 | Orc:2    | Found Lointaib's Book Shoppe.
 18813 | Orc:2    | Found Igrionle's Armour Emporium.
 18814 | Orc:2    | Found Ylauniq's Magic Scroll Shoppe.
 19588 | D:10     | Bought a +0 cloak of willpower for 149 gold pieces
 19832 | D:11     | Noticed Maurice
 19839 | D:11     | Killed Maurice
 19893 | D:11     | Noticed Snorg
 19905 | D:11     | Killed Snorg
 20426 | D:11     | Bought a potion of mutation for 96 gold pieces
 20426 | D:11     | Bought a potion of resistance for 120 gold pieces
 20426 | D:11     | Bought a potion of might for 48 gold pieces
 20427 | D:11     | Lost mutation: You are clumsy. (Dex -2) [potion of
                  | mutation]
 20427 | D:11     | Lost mutation: You have large cloven feet. [potion of
                  | mutation]
 20427 | D:11     | Gained mutation: You are dopey. (Int -2) [potion of
                  | mutation]
 20427 | D:11     | Gained mutation: You are weak. (Str -2) [potion of
                  | mutation]
 20428 | D:11     | Lost mutation: You are weak. (Str -2) [potion of mutation]
 20428 | D:11     | Lost mutation: You are dopey. (Int -2) [potion of mutation]
 20428 | D:11     | Lost mutation: Your body sometimes deteriorates upon taking
                  | damage. [potion of mutation]
 20428 | D:11     | Gained mutation: You are robust. (+10% HP) [potion of
                  | mutation]
 20708 | D:12     | Found a portal to a secret trove of treasure.
 21611 | D:13     | Found a gate to the Vaults.
 21793 | D:13     | Reached XP level 16. HP: 125/147 MP: 16/16
 22215 | D:13     | Reached skill level 15 in Fighting
 22369 | D:13     | Reached skill level 20 in Unarmed Combat
 24260 | D:15     | Entered Level 15 of the Dungeon
 24540 | D:15     | Found a white marble altar of Elyvilon.
 24546 | D:15     | Noticed Kirke
 24562 | D:15     | Killed Kirke
 25081 | D:15     | Found a staircase to the Depths.
 25321 | D:15     | Bought a +4 plate armour of poison resistance for 752 gold
                  | pieces
 25540 | Snake:1  | Entered Level 1 of the Snake Pit
 25835 | Snake:1  | Identified the amulet of Idealism {Faith Str+7}
 26457 | Snake:2  | Reached skill level 21 in Unarmed Combat
 26658 | Snake:2  | Noticed a nagaraja
 26670 | Snake:2  | Killed a nagaraja
 26801 | Snake:2  | Reached skill level 10 in Shields
 27200 | Snake:3  | Noticed Aizul
 27211 | Snake:2  | Killed Aizul
 27614 | Snake:3  | Reached XP level 17. HP: 113/156 MP: 0/17
 28308 | Snake:3  | Found Nukeinn's Tremendous Tomes.
 29510 | Snake:4  | Entered Level 4 of the Snake Pit
 29515 | Snake:4  | Identified the +1 leather armour "Wuwus" {Rampage}
 29608 | Snake:4  | Reached skill level 22 in Unarmed Combat
 31409 | Snake:4  | Reached XP level 18. HP: 85/163 MP: 18/18
 32118 | Snake:4  | Reached skill level 23 in Unarmed Combat
 32195 | Snake:4  | Got a serpentine rune of Zot
 32412 | Swamp:1  | Entered Level 1 of the Swamp
 34115 | Swamp:3  | Reached skill level 15 in Shields
 34757 | Swamp:4  | Entered Level 4 of the Swamp
 35674 | Swamp:4  | Reached skill level 10 in Dodging
 35972 | Swamp:4  | Reached XP level 19. HP: 139/172 MP: 19/19
 36596 | Swamp:4  | Got a decaying rune of Zot
 37090 | D:9      | Bought shiny pearl dragon scales for 2654 gold pieces
 37193 | Elf:1    | Entered Level 1 of the Elven Halls
 37659 | Elf:1    | Found Idghuch's Book Shoppe.
 37664 | Elf:1    | Found a transporter.
 37812 | Abyss:2  | Cast into level 2 of the Abyss (a deep elf sorcerer)
 37904 | Abyss:3  | Noticed a tentacled monstrosity
 37911 | Abyss:3  | Noticed a tentacled monstrosity
 37919 | Abyss:3  | Got an abyssal rune of Zot
 37926 | Abyss:3  | Killed a tentacled monstrosity
 37931 | Abyss:3  | Killed a tentacled monstrosity
 37958 | Elf:1    | Escaped the Abyss
 38051 | Elf:1    | Found a transporter.
 38056 | Elf:1    | Found a transporter.
 38095 | Elf:1    | Reached skill level 24 in Unarmed Combat
 38333 | Elf:1    | Found a transporter.
 38378 | Elf:1    | Found a transporter.
 38410 | Elf:1    | Found a transporter.
 38816 | Elf:2    | Found a huge runed translucent gate.
 38816 | Elf:2    | Found a huge runed translucent gate.
 38816 | Elf:2    | Found a huge runed translucent gate.
 38816 | Elf:2    | Found a huge runed translucent gate.
 38819 | Elf:2    | Found a huge runed translucent gate.
 39590 | Elf:2    | Reached XP level 20. HP: 136/182 MP: 20/20
 40174 | Elf:3    | Entered Level 3 of the Elven Halls
 40537 | Elf:3    | Found Raixzacw's General Store.
 41397 | Elf:3    | Identified the +0 plate armour of Vahedin {rElec Str+8
                  | Dex+3}
 41691 | Elf:3    | Identified the +6 scimitar of Terror {holy, *Rage rCorr
                  | Dex+6}
 41705 | Elf:3    | Identified the +1 robe of Dyspraxia {Stlth+}
 41816 | Elf:3    | Identified the +1 glaive of the Rotten God {freeze, rN+}
 42116 | Abyss:4  | Cast into level 4 of the Abyss (a deep elf sorcerer)
 42204 | Elf:3    | Escaped the Abyss
 42219 | Elf:3    | Got Sif Muna's Volume of Ghoulish Cold
 42239 | Elf:3    | Identified the +4 morningstar of Impermanence {venom, Fly
                  | Will+ rCorr}
 42696 | Elf:3    | Got the Almanac of Shaping and Production
 42747 | Elf:3    | Identified the +8 dagger of Catwocs {vorpal, Will+}
 42768 | Elf:3    | Identified the +5 sling "Wenytou" {drain, rF+}
 43065 | Vaults:1 | Entered Level 1 of the Vaults
 43130 | Vaults:1 | Paralysed by a great orb of eyes for 3 turns
 43200 | Vaults:1 | Found Logorghe's Magic Scroll Boutique.
 43218 | Vaults:1 | Bought a scroll of blinking for 142 gold pieces
 43240 | Vaults:1 | Found a magical portal.
 43247 | WizLab   | Entered Tukima's Studio
 43271 | WizLab   | Identified the +4 longbow of the Several Thickets {speed,
                  | rF+++}
 43401 | WizLab   | Got the Secrets of Jinxing
 43422 | WizLab   | Noticed surr's illusion
 43438 | WizLab   | Reached XP level 21. HP: 166/192 MP: 21/21
 43439 | WizLab   | Noticed surr's illusion
 43574 | WizLab   | Identified the -1 pair of boots of Byuceykh {Harm rElec
                  | rPois rC-}
 45161 | Vaults:2 | Noticed Donald
 45165 | Vaults:2 | Killed Donald
 45440 | Vaults:2 | Reached skill level 25 in Unarmed Combat
 45572 | Vaults:2 | Noticed Xtahua
 45583 | Vaults:2 | Killed Xtahua
 46010 | Vaults:2 | Found the +5 robe of Night {Dark Will+ SInv}
 46054 | Vaults:2 | Noticed Asterion
 46097 | Vaults:2 | Killed Asterion
 46470 | Vaults:2 | Reached XP level 22. HP: 203/203 MP: 22/22
 46852 | Vaults:2 | Found a runed translucent gate.
 46852 | Vaults:2 | Found a runed translucent gate.
 46852 | Vaults:2 | Found a runed translucent gate.
 46852 | Vaults:2 | Noticed Yrenuce's ghost (adept AtMo)
 46872 | Vaults:2 | Killed Yrenuce's ghost
 47961 | Vaults:3 | Found a transporter.
 48909 | Vaults:3 | Found a staircase to the Crypt.
 49070 | Vaults:3 | Found a transporter.
 49070 | Vaults:3 | Found a runed translucent door.
 49070 | Vaults:3 | Found a bloodstained altar of Trog.
 49070 | Vaults:3 | Found the necklace of Bloodlust {*Rage Will++ Int-3 Slay+6}
 49218 | Vaults:3 | Identified the +3 chain mail of the Playwright {Harm rN+}
 49410 | Vaults:4 | Reached skill level 15 in Dodging
 49445 | Vaults:4 | Noticed Nizokhlo's ghost (veteran DrCj)
 49446 | Vaults:4 | Identified the ring "Metuloow" {rElec rPois MP+9}
 49446 | Vaults:4 | Noticed Aram's ghost (adept AtMo)
 49447 | Vaults:4 | Found a large runed translucent door.
 49447 | Vaults:4 | Found a large runed translucent door.
 49472 | Vaults:4 | Killed Nizokhlo's ghost
 49493 | Vaults:4 | Killed Aram's ghost
 49732 | Vaults:4 | Reached XP level 23. HP: 111/213 MP: 23/23
 50648 | Vaults:4 | Found Cux Gow's Book Shop.
 50793 | Crypt:1  | Entered Level 1 of the Crypt
 52301 | Crypt:2  | Noticed a dread lich
 52314 | Crypt:2  | Killed a dread lich
 52669 | Crypt:2  | Reached skill level 26 in Unarmed Combat
 52870 | Crypt:2  | Got Timi's Grimoire of Blasting
 53419 | Crypt:2  | Noticed Sojobo
 53453 | Crypt:2  | Killed Sojobo
 53455 | Crypt:2  | Reached XP level 24. HP: 138/225 MP: 23/23
 54077 | Crypt:2  | Noticed a royal mummy
 54082 | Crypt:2  | Noticed a royal mummy
 54087 | Crypt:2  | Killed a royal mummy
 54464 | Crypt:2  | Noticed a royal mummy
 54480 | Crypt:2  | Killed a royal mummy
 55161 | Crypt:2  | Found the +7 sceptre of Torment {pain, torment}
 55231 | Crypt:2  | Killed a royal mummy
 55481 | Crypt:3  | Entered Level 3 of the Crypt
 55904 | Crypt:3  | Noticed an ancient lich
 55907 | Crypt:3  | Found an ancient bone altar of Kikubaaqudgha.
 55911 | Crypt:3  | Killed an ancient lich
 55950 | Crypt:3  | Found the +6 Majin-Bo {vamp, MP+6 Int+6}
 55953 | Crypt:3  | Identified the +9 hand axe of Cett {flame, rF+ Dex+2}
 56291 | Crypt:3  | Identified the ring of Trepidation {rN+ Will+ rCorr Stlth-}
 56291 | Crypt:3  | Identified the ring "Laliadaor" {rN+ SInv}
 56611 | Crypt:3  | Found a staircase to the Tomb.
 56977 | D:13     | Bought a potion of haste for 160 gold pieces
 56977 | D:13     | Bought a potion of haste for 160 gold pieces
 56977 | D:13     | Bought 2 potions of might for 128 gold pieces
 56977 | D:13     | Bought a potion of mutation for 128 gold pieces
 56977 | D:13     | Bought a potion of might for 64 gold pieces
 57043 | D:12     | You paid a toll of 9 potions of haste to enter a treasure
                  | trove
 57044 | Trove    | Entered a treasure trove
 57250 | Depths:1 | Entered Level 1 of the Depths
 57262 | Depths:1 | Noticed the Enchantress
 57289 | D:15     | Killed the Enchantress
 57290 | D:15     | Reached skill level 5 in Evocations
 57510 | Depths:1 | Reached skill level 10 in Evocations
 57524 | Depths:1 | Reached skill level 27 in Unarmed Combat
 57856 | Depths:1 | Paralysed by a floating eye for 2 turns
 57857 | Depths:1 | Reached XP level 25. HP: 234/234 MP: 23/23
 58009 | Depths:1 | Found a hazy altar of Hepliaklqana.
 58809 | Depths:2 | Gained mutation: You are vulnerable to heat. (rF-) [a
                  | shining eye]
 58829 | Depths:1 | Lost mutation: You are robust. (+10% HP) [potion of
                  | mutation]
 58829 | Depths:1 | Lost mutation: You are vulnerable to heat. (rF-) [potion of
                  | mutation]
 58829 | Depths:1 | Gained mutation: You are resistant to electric shocks.
                  | (rElec) [potion of mutation]
 58830 | Depths:1 | Lost mutation: You are resistant to electric shocks.
                  | (rElec) [potion of mutation]
 58830 | Depths:1 | Gained mutation: Your spells are a little easier to cast,
                  | but a little less powerful. [potion of mutation]
 58831 | Depths:1 | Lost mutation: Your spells are a little easier to cast, but
                  | a little less powerful. [potion of mutation]
 58831 | Depths:1 | Gained mutation: You are dopey. (Int -2) [potion of
                  | mutation]
 58831 | Depths:1 | Gained mutation: Your body sometimes deteriorates upon
                  | taking damage. [potion of mutation]
 58831 | Depths:1 | Gained mutation: You have a pair of small horns on your
                  | head. [potion of mutation]
 58832 | Depths:1 | Lost mutation: You have a pair of small horns on your head.
                  | [potion of mutation]
 58832 | Depths:1 | Lost mutation: Your body sometimes deteriorates upon taking
                  | damage. [potion of mutation]
 58832 | Depths:1 | Gained mutation: You have a pair of small horns on your
                  | head. [potion of mutation]
 58832 | Depths:1 | Gained mutation: You expend magic power (3 MP) to
                  | strengthen your wands. [potion of mutation]
 58833 | Depths:1 | Lost mutation: You are dopey. (Int -2) [potion of mutation]
 58833 | Depths:1 | Lost mutation: You have a pair of small horns on your head.
                  | [potion of mutation]
 58833 | Depths:1 | Lost mutation: You expend magic power (3 MP) to strengthen
                  | your wands. [potion of mutation]
 58833 | Depths:1 | Gained mutation: Your flesh is cold resistant. (rC+)
                  | [potion of mutation]
 58833 | Depths:1 | Gained mutation: You are strong-willed. (Will+) [potion of
                  | mutation]
 59058 | Depths:2 | Noticed a juggernaut
 59085 | Depths:2 | Killed a juggernaut
 59309 | Depths:2 | Found an opulent altar of Gozag.
 59563 | Depths:2 | Found a gateway to Hell.
 59976 | Depths:3 | Found a one-way gate to the infinite horrors of the Abyss.
 60542 | Depths:3 | Found Qoec's General Store.
 60545 | Depths:3 | Bought a potion of mutation for 152 gold pieces
 61192 | Depths:4 | Entered Level 4 of the Depths
 61619 | Depths:4 | Reached XP level 26. HP: 224/224 MP: 23/23
 62320 | Depths:4 | Found a one-way gateway to a ziggurat.
 62812 | Depths:4 | Found a gate to the Realm of Zot.
 63506 | Vaults:5 | Entered Level 5 of the Vaults
 63517 | Vaults:5 | Reached skill level 15 in Evocations
 63557 | Vaults:5 | Noticed a dread lich
 63573 | Vaults:5 | Killed a dread lich
 63621 | Vaults:5 | Identified the +9 morningstar of Ziciraank {venom, rPois
                  | rF- rC+ Dex+3}
 63810 | Vaults:5 | Identified the +4 longbow of Intense Responsibility {flame,
                  | rF+ Str+2}
 64248 | Vaults:5 | Identified the ring of Yqaps {rPois Int+6}
 64354 | Vaults:5 | Found Kalisa's Distillery.
 64455 | Vaults:5 | Identified the +2 cloak of Jigsaw {Contam rElec Str+2}
 64468 | Vaults:5 | Identified the +8 lajatang of the Telling Saviour {freeze,
                  | rF+ rN+ Will+}
 64482 | Vaults:5 | Identified the +7 battleaxe of Income {vorpal, rPois Int+6
                  | Dex-3}
 64548 | Vaults:5 | Noticed an ancient lich
 64556 | Vaults:5 | Killed an ancient lich
 64614 | Vaults:5 | Reached XP level 27. HP: 114/233 MP: 23/23
 64822 | Vaults:5 | Got a silver rune of Zot
 64823 | Vaults:5 | Identified the +1 leather armour "Jugum" {rElec Will+
                  | Dex-2}
 64847 | Vaults:5 | Identified the +3 broad axe of Conscience {freeze, rN+
                  | rCorr}
 64849 | Vaults:5 | Identified the +8 short sword "Mikit Adon" {speed, rPois
                  | Int+4 Dex-4 SInv}
 64881 | Vaults:5 | Noticed a dread lich
 64894 | Vaults:5 | Killed a dread lich
 65029 | Vaults:5 | Identified the +12 shortbow "Luude" {vorpal, rF++ Int-5}
 65131 | Vaults:5 | Identified the +7 morningstar of Trog's Approval {vorpal,
                  | +Blink Str+3 Dex-5 Stlth+}
 65162 | Vaults:5 | Found Uqaih's Distillery.
 65226 | Vaults:5 | Found Weiwn's Distillery.
 65230 | Vaults:5 | Bought a potion of haste for 150 gold pieces
 65230 | Vaults:5 | Bought a potion of might for 60 gold pieces
 65234 | Vaults:5 | Found Tusaeqy's Distillery.
 65259 | Vaults:5 | Bought a potion of heal wounds for 75 gold pieces
 65272 | Vaults:5 | Found Zuttegoa's Distillery.
 65277 | Vaults:5 | Bought a potion of haste for 130 gold pieces
 65888 | D:12     | Bought the +8 orange crystal plate armour {Archmagi, Int+3
                  | Clar} for 2601 gold pieces
 65888 | D:12     | Found the +8 orange crystal plate armour {Archmagi, Int+3
                  | Clar}
 66122 | Zot:1    | Entered Level 1 of the Realm of Zot
 66122 | Zot:1    | Found a runed translucent gate.
 66122 | Zot:1    | Found a runed translucent gate.
 66122 | Zot:1    | Found a runed translucent gate.
 66122 | Zot:1    | Found an opulent altar of Gozag.
 66131 | Zot:1    | Found Ifezucvu's Assorted Antiques.
 66131 | Zot:1    | Noticed Juotwih's ghost (legendary KoFi)
 66225 | Zot:1    | Noticed an orb of fire
 66235 | Zot:1    | Gained mutation: You occasionally lose the ability to read
                  | scrolls when taking damage. [an orb of fire]
 66238 | Zot:1    | Killed an orb of fire
 66820 | Zot:1    | Identified the +9 hand axe of Earthquakes {drain, Fly MP+9
                  | Str+2}
 66821 | Zot:1    | Got Sif Muna's Directory of The Black Sun
 67627 | Zot:1    | Killed Juotwih's ghost
 67693 | Zot:1    | Bought a scroll of acquirement for 2028 gold pieces
 67693 | Zot:1    | Acquired 1182 gold pieces
 70106 | Zot:3    | Identified the +8 flail of Pyromania {vorpal, Str+3 Dex+4}
 71771 | Zot:4    | Noticed an orb of fire
 71773 | Zot:4    | Gained mutation: You passively dampen the noise of your
                  | surroundings. [an orb of fire]
 71778 | Zot:4    | Gained mutation: You are clumsy. (Dex -2) [an orb of fire]
 71783 | Zot:4    | Gained mutation: You sometimes lose your temper in combat.
                  | [an orb of fire]
 71791 | Zot:4    | Killed an orb of fire
 72119 | Zot:4    | Noticed an orb of fire
 72134 | Zot:4    | Killed an orb of fire
 72697 | Zot:5    | Entered Level 5 of the Realm of Zot
 72937 | Zot:5    | Found a transporter.
 73840 | Zot:5    | Noticed an orb of fire
 73857 | Zot:5    | Noticed an orb of fire
 73867 | Zot:5    | Killed an orb of fire
 73871 | Zot:5    | Noticed an ancient lich
 73871 | Zot:5    | Noticed an orb of fire
 73871 | Zot:5    | Noticed an ancient lich
 73876 | Zot:5    | Killed an ancient lich
 73883 | Zot:5    | Killed an ancient lich
 73901 | Zot:5    | Killed an ancient lich
 73925 | Zot:5    | Killed a dread lich
 73957 | Zot:5    | Noticed an orb of fire
 73958 | Zot:5    | Noticed an ancient lich
 73965 | Zot:5    | Killed an ancient lich
 74295 | Zot:5    | Got the Orb of Zot
 74502 | Zot:2    | Noticed Zirgho the pandemonium lord
 74596 | Depths:2 | Noticed Wytsuim the pandemonium lord
 74749 | D:11     | Noticed Faliomon the pandemonium lord
 74804 | D:9      | Noticed Peyt the pandemonium lord
 75028 | D:$      | Escaped with the Orb!

Illustrated notes

Levels and vault maps discovered:
D:1:      dpeg_arrival_fog, layout_basic, ebering_ecumenical_altar_sacrificial,
          minmay_misc_feat_secret_circle,
          nicolae_concentric_dashed_squares_mild, minivault_25
D:2:      layout_basic, uniq_jessica, uniq_terence, uniq_crazy_yiuf_cottage
D:3:      layout_rooms, gup_sewer_entry_bubbles, minmay_close_crescents,
          uniq_grinder, uniq_sigmund
D:4:      nicolae_cairo_tiling_very_big, layout_loops_ring, chequers_garden,
          dreamdust_gnoll_farm
D:5:      layout_cave_pools, lemuel_doored_altar
D:6:      layout_basic, jmf_multi_god_temple, minmay_temple_entry_poolview,
          kennysheep_generic_room_6
D:7:      layout_cave_pods, serial_bayou_crossing
D:8:      layout_cave_pools, lemuel_coloured_pillars_altar, grunt_decor_fettered
D:9:      minmay_the_grid_four_pointed_star
          [minmay_the_grid_triangle_9x9_odd_lines,
          minmay_the_grid_triangle_9x9_thin_v,
          minmay_the_grid_triangle_9x9_zippers_vertical,
          minmay_the_grid_triangle_9x9_stretched_checkered,
          minmay_the_grid_prize_four_corners_diamond_a], layout_basic,
          david_lair_shrubbed, serial_park_tiny_2, minmay_misc_feat_roman
D:10:     layout_roguey [special_room_orc], david_orc_2, uniq_lodul, uniq_psyche
D:11:     layout_roguey, uniq_snorg, uniq_maurice
D:12:     layout_cave_pools, enter_trove_0
D:13:     layout_basic, skrybe_vaults_entry_preservation
D:14:     layout_layer_cave, minmay_misc_feat_more_columns
D:15:     grunt_enter_depths_snipers, layout_gridville, elyvilon_altar_5,
          uniq_kirke
Temple:   nicolae_temple_two_arcs
Lair:1:   layout_regular_city, grunt_megastairs_2
Lair:2:   layout_cellular_growth, skrybe_swamp_entry_bodies,
          guppyfry_snake_entry_island, serial_forest,
          infiniplex_forest_diagonal, infiniplex_forest_lined_ring,
          infiniplex_forest_clump_tiny, infiniplex_forest_clump_double,
          infiniplex_forest_clump_small, grunt_forest_large_clearing_hut
Lair:3:   layout_chaotic_city
Lair:4:   layout_cave_pods, slime_entry_1, grunt_megastairs_4,
          infiniplex_staircase_pool
Lair:5:   evilmike_catoblepas_cave, layout_gridlike, lemuel_fruit_tree
Swamp:1:  layout_basic_swamp, evilmike_swamp_ruin_house_5
Swamp:2:  layout_basic_swamp, nicolae_swamp_tree_isthmus,
          nicolae_swamp_fairy_circle, swamp_pool5
Swamp:3:  nicolae_swamp_ascending_descending, layout_basic_swamp,
          nicolae_swamp_big_swirl
Swamp:4:  nzn_swamp_witches_coven, layout_basic_swamp, hangedman_swamp_pad
Snake:1:  layout_gridlike
Snake:2:  layout_misc_corridors
Snake:3:  nicolae_snake_hallway, layout_grid_maze,
          nicolae_shop_i_like_big_books, serial_bayou_shore_b,
          serial_bayou_shore_b, serial_bayou_shore_b, uniq_aizul
Snake:4:  minmay_snake_end_coiled, layout_basic
Orc:1:    layout_caves, nicolae_orc_crystal_geode
Orc:2:    st_orc_open, layout_caves, lightli_orcish_oven
Elf:1:    eino_elf_arrival_shootout, layout_geoelf_diagonals, serial_shops,
          shop, hangedman_elf_disciples, hangedman_elven_pyramids,
          serial_nicolae_subway, nicolae_sub_station_crystal,
          nicolae_sub_station_stone, nicolae_sub_station_metal
Elf:2:    elven_hall_of_blades_hangedman_alternative
          [nicolae_blade_entry_sentries_behind_glass], layout_onion_city
Elf:3:    nooodl_elf_gasket, layout_geoelf_diagonals, serial_shops,
          nicolae_shop_crystal
Vaults:1: infiniplex_enter_wizlab_spiral, v_misc_13, ontoclasm_vaults_shuriken,
          nicolae_vaults_network_quinsquares
          [nicolae_vaults_network_quincunx_subvault,
          nicolae_vaults_network_quincunx_subvault,
          nicolae_vaults_network_quincunx_subvault,
          nicolae_vaults_network_quincunx_subvault], v_misc_1,
          vaults_standard_mumra_enter_the_diamond, layout_vaults_chaotic_city,
          serial_shops, shop_fountains
Vaults:2: ebering_ghost_rock_garden, v_pattern_5, hangedman_vaults_slither,
          vaults_dpeg_emergency_exit, v_misc_27, dpeg_vaults_monster_box,
          grunt_vaults_twisty, nicolae_vaults_twisting_passages, serial_ice_b,
          nicolae_vaults_little_squares_4, grunt_vaults_diagonal,
          nicolae_vaults_theta, nicolae_vaults_shelves_hall, layout_vaults_ring,
          uniq_xtahua, uniq_asterion, uniq_donald
Vaults:3: minmay_crypt_entry_simple_sparse, v_misc_27, vaults_room_fancy_cross,
          emtedronai_trogs_sanctum, vaults_room_corners,
          vaults_standard_mumra_x, nicolae_vaults_ring_of_whatevers, v_misc_11,
          v_misc_9, vaults_room_pools, vaults_room_grid, layout_vaults_omnigrid
Vaults:4: advil_vaults_ghost_guards, hangedman_vaults_nails,
          hangedman_vaults_corner_blocks, nicolae_vaults_rhombus_7,
          nicolae_vaults_back_hallway, hangedman_vaults_unwind,
          hangedman_vaults_impose, v_pattern_4, v_misc_19, vaults_room_pool,
          dpeg_vaults_monster_row, vaults_room_hallway,
          nicolae_vaults_yaktaur_gun_rack, ontoclasm_vaults_ring_small,
          ontoclasm_vaults_fault, nicolae_vaults_statue_guard,
          layout_vaults_omnibox, serial_shops, nicolae_shop_hallway_stairs
Vaults:5
Crypt:1:  layout_regular_city, grunt_crypt_arrival_webbed, grunt_megastairs_1
Crypt:2:  minmay_guarded_unrand_sceptre_of_torment, layout_basic,
          weyrava_ghost_lake, lemuel_elevator, grunt_megastairs_3,
          lemuel_upstairs_altar, uniq_sojobo
Crypt:3:  cryptofortress_bobbens
Depths:1: layout_big_octagon, nicolae_hepliaklqana_hazy_memory, hellmouth_1,
          grunt_ministairs_8, onia_ninara_cookie, uniq_enchantress
Depths:2: minmay_connected_triangles_in_corner, layout_cave_pools,
          grunt_gozag_breadcrumbs, rand_demon_pan_entry_9, hell_entry,
          minmay_staircase_windowed_small
Depths:3: minmay_triangles_in_corner, layout_honeycomb,
          nicolae_BIG_FREAKIN_CUBE, minmay_room_of_horrors, serial_shops, shop,
          hangedman_coc_ice_floe
Depths:4: grunt_zot_entry_tricorne, layout_cave_shapes, enter_ziggurat_f,
          chequers_decorated_corner, hell_entry
Zot:1:    dreamdust_black_sun_cult, layout_misc_corridors, ebering_ghost_gozag
Zot:2:    lemuel_halls_of_wrath, layout_gridlike, nicolae_lava_and_water
Zot:3:    layout_twisted_circle
Zot:4:    lemuel_firehouse, layout_onion, st_single_dragon_hoard_3
Zot:5:    layout_cathedral_of_symmetry, nicolae_diode_basic

Skill      XL: |  1  2  3  4  5  6  7  8  9 10 11 12 13 14 15 16 17 18 19 20 21 22 23 24 25 26 27 |
---------------+----------------------------------------------------------------------------------+-----
Unarmed Combat | 3 4 5 7 8 9 10 13 15 16 17 18 19 21 22 23 24 25 26 27 | 27.0
Armour         | 5 6 7 10 12 13 14 16 17 18 19 20 21 22 23 26 | 26.7
Fighting       | 6 7 11 13 14 15 16 17 18 19 20 21 22 26 | 26.0
Shields        | 6 10 13 15 17 18 19 20 21 22 23 25 | 25.1
Evocations     | 4 11 14 15 16 | 16.5
Dodging        | 6 8 9 10 11 12 13 15 19 20 21 23 | 23.9

Action                   |  1- 3 |  4- 6 |  7- 9 | 10-12 | 13-15 | 16-18 | 19-21 | 22-24 | 25-27 || total
-------------------------+-------+-------+-------+-------+-------+-------+-------+-------+-------++-------
Melee: Unarmed           |    88 |    49 |   304 |   463 |  1024 |  1380 |  1456 |  1833 |  2494 ||  9091
       Flail             |       |    58 |       |       |       |       |       |       |       ||    58
       Kick              |       |    12 |    76 |   159 |   306 |       |       |       |       ||   553
       Whip              |       |       |    10 |       |       |       |       |       |       ||    10
Throw: Dart              |       |       |     4 |    14 |    10 |       |       |       |       ||    28
Invok: Call Merchant     |       |       |       |     1 |     4 |     1 |     1 |     3 |       ||    10
       Potion Petition   |       |       |       |       |       |       |     1 |       |       ||     1
       Bribe Branch      |       |       |       |       |       |       |       |       |     3 ||     3
 Abil: Hop               |       |     2 |       |     1 |     5 |     7 |     6 |     3 |     5 ||    29
Evoke: Wand              |       |       |       |    19 |    19 |     5 |    11 |     6 |     3 ||    63
       Condenser vane    |       |       |       |       |       |       |       |     3 |     7 ||    10
       Phantom mirror    |       |       |       |       |       |       |       |     2 |       ||     2
       Tin of tremorston |       |       |       |       |       |       |       |     2 |     5 ||     7
       Lightning rod     |       |       |       |       |       |       |       |       |     4 ||     4
       Box of beasts     |       |       |       |       |       |       |       |       |     1 ||     1
       Phial of floods   |       |       |       |       |       |       |       |       |     1 ||     1
  Use: Potion            |       |     8 |       |     3 |     8 |     2 |     3 |     1 |    22 ||    47
       Scroll            |       |     7 |     9 |     9 |     5 |     3 |    18 |     4 |    10 ||    65
 Stab: Distracted        |       |       |       |     2 |    15 |    15 |    20 |    22 |    45 ||   119
       Invisible         |       |       |       |       |    23 |     1 |     3 |     1 |       ||    28
       Petrifying        |       |       |       |       |     1 |       |       |       |       ||     1
       Petrified         |       |       |       |       |     1 |       |       |       |       ||     1
       Confused          |       |       |       |       |       |     2 |       |       |       ||     2
       Paralysed         |       |       |       |       |       |       |       |     2 |       ||     2
Armor: Ring mail         |    45 |    35 |       |       |       |       |       |       |       ||    80
       Scale mail        |     4 |       |       |       |       |       |       |       |       ||     4
       Plate armour      |       |    51 |   183 |   181 |   422 |   464 |    22 |       |       ||  1323
       Pearl dragon scal |       |       |       |       |       |       |   262 |   303 |   185 ||   750
       Crystal plate arm |       |       |       |       |       |       |       |       |   314 ||   314
Dodge: Dodged            |    34 |    56 |    87 |   102 |   426 |   515 |   356 |   560 |   733 ||  2869
Block: Buckler           |    28 |    36 |    52 |    85 |   212 |   176 |       |       |       ||   589
       Kite shield       |       |       |       |       |       |   227 |       |       |       ||   227
       Tower shield      |       |       |       |       |       |   309 |  1041 |  1442 |  1695 ||  4487
       Reflection        |       |       |       |       |       |     6 |    94 |    41 |    28 ||   169

Table legend: (Time is in decaauts)
 A = Elapsed time spent in this place.
 B = Non-inter-level travel time spent in this place.
 C = Inter-level travel time spent in this place.
 D = Time resting spent in this place.
 E = Time spent auto-exploring this place.
 F = Levels seen in this place.
 G = Mean time per level.
                   A        B        C        D        E       F      G
               +--------+--------+--------+--------+--------+-----+--------+
         Total |  79649 |  74581 |   5068 |    960 |  56695 |  58 | 1373.3 |
       Dungeon |  17942 |  16204 |   1738 |     52 |  12718 |  15 | 1196.1 |
        Temple |    129 |    116 |     13 |      0 |     99 |   1 |  129.0 |
          Lair |   8867 |   8224 |    643 |    174 |   6557 |   5 | 1773.4 |
         Swamp |   4871 |   4701 |    170 |     25 |   3616 |   4 | 1217.8 |
     Snake Pit |   7173 |   6938 |    235 |     80 |   5245 |   4 | 1793.2 |
  Orcish Mines |   2354 |   2046 |    308 |      2 |   1462 |   2 | 1177.0 |
   Elven Halls |   5868 |   5574 |    294 |    100 |   4145 |   3 | 1956.0 |
        Vaults |  10383 |   9507 |    876 |     15 |   7136 |   5 | 2076.6 |
         Crypt |   6014 |   5823 |    191 |     13 |   4567 |   3 | 2004.7 |
        Depths |   6663 |   6311 |    352 |    247 |   4791 |   4 | 1665.8 |
           Zot |   8160 |   7917 |    243 |    250 |   5749 |   5 | 1632.0 |
         Abyss |    223 |    223 |      0 |      0 |     23 |   4 |   55.8 |
         Trove |     85 |     85 |      0 |      0 |     38 |   1 |   85.0 |
         Sewer |    338 |    338 |      0 |      0 |    188 |   1 |  338.0 |
        Wizlab |    572 |    572 |      0 |      0 |    358 |   1 |  572.0 |
               +--------+--------+--------+--------+--------+-----+--------+

Top non-repeatable levels by time:
 Crypt:2: 3088 daAuts
   Elf:3: 2702 daAuts
 Snake:3: 2658 daAuts
Vaults:3: 2620 daAuts
 Snake:4: 2588 daAuts
Vaults:2: 2331 daAuts
Depths:4: 2291 daAuts
 Swamp:4: 2280 daAuts
Vaults:5: 2224 daAuts
  Lair:5: 2161 daAuts
   Zot:2: 2116 daAuts
    D:13: 2051 daAuts
     D:9: 1952 daAuts
  Lair:4: 1834 daAuts
   Elf:2: 1796 daAuts
